High Goats vs Icehogs
(R1)
Created - 13 décembre 2012 at 20:55
Goals
|
| High Goats |
1 |
0 |
0 |
1 |
| Icehogs |
0 |
1 |
2 |
3 |
|
Shots
|
| High Goats |
15 |
8 |
17 |
40 |
| Icehogs |
13 |
11 |
7 |
31 |
|
1st period
1. High Goats , Brad Larsen 3 (Sami Lepisto, Gilbert Brule) at 14:48
Penalties :
Mark Popovic (Roc) for Tripping (Minor) at 11:35
2nd period
2. Icehogs , B.J. Crombeen 10 (Ryan Parent) at 1:20
Penalties :
Dane Byers (Roc) for High sticking (Minor) at 3:56, Milan Jurcina (Roc) for Holding (Minor) at 12:17, Travis Moen (Roc) for Holding Stick (Minor) at 18:31
3rd period
3. Icehogs , Niklas Hagman 7 (B.J. Crombeen, Patrik Berglund) at 18:46 (PP)
4. Icehogs , Ryan Parent 1 (B.J. Crombeen, Niklas Hagman) at 19:10
Penalties :
Nick Bonino (Buc) for Cross-checking (Minor) at 18:32
Goalie Stats
Jean-Sébastien Aubin (Buc), 28 saves from 31 shots - (0,903), L, 2-2-1, 60:00 minutes
José Theodore (Roc), 39 saves from 40 shots - (0,975), W, 6-3-1, 60:00 minutes
Players Stats for High Goats
Player Name G A P +/- PIM S H SB GA TA FO MP PP MP PK MP
------------------------------------------------------------------------------------
Anton Stralman 0 0 0 -1 0 0 1 0 0 0 0/0 20:08 3:08 0:00
Arturs Kulda 0 0 0 0 0 0 0 0 0 1 0/0 6:15 0:00 0:00
Brad Larsen 1 0 1 0 0 10 2 0 1 1 1/1 20:33 4:13 0:00
Brandon Bollig 0 0 0 0 0 0 0 0 0 0 0/0 0:00 0:00 0:00
Brendon Segal 0 0 0 0 0 0 2 0 0 0 0/0 11:11 0:18 0:00
Chris Stewart 0 0 0 0 0 3 2 2 1 1 0/0 17:38 3:25 0:00
Craig Weller 0 0 0 0 0 5 3 0 0 0 1/1 20:47 4:13 0:14
Dana Tyrell 0 0 0 0 0 0 0 0 0 0 0/0 0:00 0:00 0:00
David Laliberté 0 0 0 -1 0 2 0 1 1 0 0/0 11:04 0:18 0:00
Frederic St-Denis 0 0 0 0 0 0 1 0 0 0 0/0 6:15 0:00 0:00
Gilbert Brule 0 1 1 0 0 3 2 0 1 1 12/25 20:47 4:13 0:14
Gord Baldwin 0 0 0 0 0 0 0 1 0 0 0/0 10:53 0:00 0:00
Ivan Vishnevski 0 0 0 0 0 0 0 0 0 0 0/0 0:00 0:00 0:00
Jason Ryznar 0 0 0 0 0 1 2 0 0 2 0/0 17:38 3:25 0:00
Jiri Tlusty 0 0 0 0 0 1 1 0 1 0 0/0 10:31 0:00 0:00
Joël Perrault 0 0 0 0 0 2 1 0 0 1 8/15 17:38 3:25 0:00
John Erskine 0 0 0 -1 0 0 1 1 1 0 0/0 20:08 3:08 0:00
John McCarthy 0 0 0 -1 0 1 0 0 1 1 0/0 10:24 0:00 0:00
Lukas Krajicek 0 0 0 0 0 2 3 2 2 0 0/0 22:44 4:48 0:14
Matt Frattin 0 0 0 0 0 0 0 0 0 0 0/0 0:00 0:00 0:00
Matt Taormina 0 0 0 0 0 1 0 0 0 0 0/0 10:53 0:00 0:00
Nick Bonino 0 0 0 0 2 2 0 0 0 0 3/9 10:30 0:00 0:00
Petteri Wirtanen 0 0 0 -1 0 3 0 0 0 0 6/9 10:24 0:00 0:00
Rhett Rakhshani 0 0 0 0 0 0 0 0 0 0 0/0 0:40 0:18 0:00
Sami Lepisto 0 1 1 0 0 4 0 0 1 1 0/0 22:44 4:48 0:14
Players Stats for Icehogs
Player Name G A P +/- PIM S H SB GA TA FO MP PP MP PK MP
------------------------------------------------------------------------------------
B.J. Crombeen 1 2 3 2 0 5 4 0 1 1 0/1 19:49 0:14 4:21
Barry Tallackson 0 0 0 0 0 4 3 0 4 0 0/0 17:08 0:00 2:10
Chris Mueller 0 0 0 0 0 0 1 0 0 0 2/14 14:11 0:00 0:00
Dan Bertram 0 0 0 0 0 1 0 0 0 0 0/0 9:37 0:00 0:00
Dane Byers 0 0 0 0 2 1 0 1 0 0 1/1 11:31 0:00 1:05
Dylan Hunter 0 0 0 -1 0 2 4 0 0 0 0/0 13:09 0:00 1:21
Joakim Andersson 0 0 0 0 0 0 1 0 0 0 4/9 9:37 0:00 0:00
Logan Stephenson 0 0 0 -1 0 0 1 2 0 1 0/0 16:51 0:00 0:47
Mark Popovic 0 0 0 2 2 3 0 1 2 0 0/0 23:21 0:14 3:29
Matt Hunwick 0 0 0 0 0 0 1 1 0 0 0/0 20:06 0:00 3:07
Mattias Sjogren 0 0 0 0 0 0 0 0 0 0 0/0 0:00 0:00 0:00
Milan Jurcina 0 0 0 0 2 0 3 3 1 2 0/0 18:40 0:00 1:57
Niklas Hagman 1 1 2 2 0 4 4 0 1 0 4/8 19:52 0:14 4:24
Patrik Berglund 0 1 1 2 0 2 2 0 0 0 14/20 18:55 0:14 2:27
Ryan Parent 1 1 2 2 0 1 1 0 0 3 0/0 24:37 0:14 4:49
Ryan Shannon 0 0 0 -1 0 2 0 0 0 0 1/1 11:29 0:00 0:00
Shane Sims 0 0 0 -1 0 0 1 5 0 1 0/0 16:49 0:00 1:43
Tanner House 0 0 0 -1 0 0 1 0 0 1 3/6 11:21 0:00 0:04
Travis Moen 0 0 0 0 2 6 1 0 0 1 0/0 14:57 0:00 0:00
3 Stars
1 - B.J. Crombeen (Roc)
2 - Niklas Hagman (Roc)
3 - José Theodore (Roc)
Power Play
High Goats - 0 on 4 Attempt(s) - 0,00%
Icehogs - 1 on 1 Attempt(s) - 100,00%
Penalty Kill
High Goats - 0 on 1 Attempt(s) - 0,00%
- Score 0 goal in Penalty Kill
Icehogs - 4 on 4 Attempt(s) - 100,00%
- Score 0 goal in Penalty Kill
Official
Referees : Kimmerly Greg and Leggo Mike
Linesman : David Brisebois and Brian Mach
Game Notes
No Game Note
High Goats
5 vs 5 Forward
Center Left Wing Right Wing Time % Phy DF OF
1 Gilbert Brule Brad Larsen Craig Weller 40 1 2 2
2 Joël Perrault Jason Ryznar Chris Stewart 30 1 2 2
3 Nick Bonino Jiri Tlusty Brendon Segal 20 1 2 2
4 Petteri Wirtanen John McCarthy David Laliberté 10 1 2 2
5 vs 5 Defense
Defense Defense Time % Phy DF OF
1 Lukas Krajicek Sami Lepisto 40 1 2 2
2 Anton Stralman John Erskine 30 1 2 2
3 Matt Taormina Gord Baldwin 20 1 2 2
4 Arturs Kulda Frederic St-Denis 10 1 2 2
PowerPlay Forward
Center Left Wing Right Wing Time % Phy DF OF
1 Gilbert Brule Brad Larsen Craig Weller 60 1 2 2
2 Joël Perrault Jason Ryznar Chris Stewart 40 1 2 2
PowerPlay Defense
Defense Defense Time % Phy DF OF
1 Lukas Krajicek Sami Lepisto 60 1 2 2
2 Anton Stralman John Erskine 40 1 2 2
Penalty Kill 4 Players Forward
Center Wing Time % Phy DF OF
1 Gilbert Brule Craig Weller 60 1 2 2
2 Chris Stewart Brad Larsen 40 1 2 2
Penalty Kill 4 Players Defense
Defense Defense Time % Phy DF OF
1 Lukas Krajicek Sami Lepisto 60 1 2 2
2 Anton Stralman John Erskine 40 1 2 2
Penalty Kill - 3 Players Forward
Forward Time % Phy DF OF
1 Gilbert Brule 60 1 2 2
2 Craig Weller 40 1 2 2
Penalty Kill - 3 Players Defense
Defense Defense Time % Phy DF OF
1 Lukas Krajicek Sami Lepisto 60 1 2 2
2 Anton Stralman John Erskine 40 1 2 2
4 vs 4 Forward
Center Wing Time % Phy DF OF
1 Gilbert Brule Craig Weller 60 1 2 2
2 Chris Stewart Brad Larsen 40 1 2 2
4 vs 4 Defense
Defense Defense Time % Phy DF OF
1 Lukas Krajicek Sami Lepisto 60 1 2 2
2 Anton Stralman John Erskine 40 1 2 2
Last Minutes Offensive
Center Left Wing Right Wing Defense Defense
Gilbert Brule Brad Larsen Craig Weller Lukas Krajicek Sami Lepisto
Last Minutes Defensive
Center Left Wing Right Wing Defense Defense
Gilbert Brule Brad Larsen Craig Weller Lukas Krajicek Sami Lepisto
Goaltenders
Starting : Jean-Sébastien Aubin
Backup : Al Montoya
Extra Forwards
Normal : Brendon Segal, David Laliberté, Nick Bonino - PP : Brendon Segal, David Laliberté - PK : Nick Bonino
Extra Defensemen
Normal : Matt Taormina, Gord Baldwin, Arturs Kulda - PP : Matt Taormina - PK : Gord Baldwin, Arturs Kulda
Penalty Shots
Gilbert Brule, Craig Weller, Chris Stewart, Brad Larsen, Joël Perrault
Icehogs
5 vs 5 Forward
Center Left Wing Right Wing Time % Phy DF OF
1 Patrik Berglund Niklas Hagman B.J. Crombeen 40 1 2 2
2 Chris Mueller Travis Moen Barry Tallackson 30 1 2 2
3 Tanner House Dylan Hunter Ryan Shannon 20 1 2 2
4 Joakim Andersson Dane Byers Dan Bertram 10 1 2 2
5 vs 5 Defense
Defense Defense Time % Phy DF OF
1 Ryan Parent Mark Popovic 40 1 2 2
2 Matt Hunwick Milan Jurcina 30 1 2 2
3 Logan Stephenson Shane Sims 20 1 2 2
4 Ryan Parent Mark Popovic 10 1 2 2
PowerPlay Forward
Center Left Wing Right Wing Time % Phy DF OF
1 Patrik Berglund Niklas Hagman B.J. Crombeen 60 1 2 2
2 Chris Mueller Travis Moen Barry Tallackson 40 1 2 2
PowerPlay Defense
Defense Defense Time % Phy DF OF
1 Ryan Parent Mark Popovic 60 1 2 2
2 Matt Hunwick Milan Jurcina 40 1 2 2
Penalty Kill 4 Players Forward
Center Wing Time % Phy DF OF
1 Niklas Hagman B.J. Crombeen 60 1 2 2
2 Patrik Berglund Barry Tallackson 40 1 2 2
Penalty Kill 4 Players Defense
Defense Defense Time % Phy DF OF
1 Ryan Parent Mark Popovic 60 1 2 2
2 Matt Hunwick Milan Jurcina 40 1 2 2
Penalty Kill - 3 Players Forward
Forward Time % Phy DF OF
1 Niklas Hagman 60 1 2 2
2 B.J. Crombeen 40 1 2 2
Penalty Kill - 3 Players Defense
Defense Defense Time % Phy DF OF
1 Ryan Parent Mark Popovic 60 1 2 2
2 Matt Hunwick Milan Jurcina 40 1 2 2
4 vs 4 Forward
Center Wing Time % Phy DF OF
1 Niklas Hagman B.J. Crombeen 60 1 2 2
2 Patrik Berglund Barry Tallackson 40 1 2 2
4 vs 4 Defense
Defense Defense Time % Phy DF OF
1 Ryan Parent Mark Popovic 60 1 2 2
2 Matt Hunwick Milan Jurcina 40 1 2 2
Last Minutes Offensive
Center Left Wing Right Wing Defense Defense
Patrik Berglund Niklas Hagman B.J. Crombeen Ryan Parent Mark Popovic
Last Minutes Defensive
Center Left Wing Right Wing Defense Defense
Patrik Berglund Niklas Hagman B.J. Crombeen Ryan Parent Mark Popovic
Goaltenders
Starting : José Theodore
Backup : Maxime Ouellet
Extra Forwards
Normal : Ryan Shannon, Dylan Hunter, Dane Byers - PP : Ryan Shannon, Dylan Hunter - PK : Dane Byers
Extra Defensemen
Normal : Logan Stephenson, Shane Sims, Matt Hunwick - PP : Logan Stephenson - PK : Shane Sims, Matt Hunwick
Penalty Shots
Niklas Hagman, B.J. Crombeen, Patrik Berglund, Barry Tallackson, Ryan Shannon
% Time on Ice - High Goats
Lines # - Real PCT - Wanted PCT - Time Play
Normal Forward
1 - 32% - 40% - 16:18
2 - 28% - 30% - 14:13
3 - 20% - 20% - 10:31
4 - 20% - 10% - 10:24
Normal Defense
1 - 34% - 40% - 17:18
2 - 33% - 30% - 17:00
3 - 21% - 20% - 10:53
4 - 12% - 10% - 6:15
PP Forward
1 - 57% - 60% - 4:31
2 - 43% - 40% - 3:25
PP Defense
1 - 61% - 60% - 4:48
2 - 39% - 40% - 3:08
PK Forward
1 - 100% - 60% - 0:14
2 - 0% - 40% - 0:00
PK Defense
1 - 100% - 60% - 0:14
2 - 0% - 40% - 0:00
PK3 Forward
1 - 0% - 60%
2 - 0% - 40%
PK3 Defense
1 - 0% - 60%
2 - 0% - 40%
44 Forward
1 - 0% - 60%
2 - 0% - 40%
44 Defense
1 - 0% - 60%
2 - 0% - 40%
Last Minute Offensive - 0:24
Last Minute Defensive - 0:00
Total
Forward - 60:00
Defense - 60:00
|
% Time on Ice - Icehogs
Lines # - Real PCT - Wanted PCT - Time Play
Normal Forward
1 - 30% - 40% - 15:22
2 - 30% - 30% - 15:16
3 - 22% - 20% - 11:11
4 - 19% - 10% - 9:37
Normal Defense
1 - 33% - 40% - 16:43
2 - 33% - 30% - 17:10
3 - 29% - 20% - 15:06
4 - 5% - 10% - 2:27
PP Forward
1 - 100% - 60% - 0:14
2 - 0% - 40% - 0:00
PP Defense
1 - 100% - 60% - 0:14
2 - 0% - 40% - 0:00
PK Forward
1 - 73% - 60% - 5:46
2 - 27% - 40% - 2:10
PK Defense
1 - 63% - 60% - 4:59
2 - 37% - 40% - 2:57
PK3 Forward
1 - 0% - 60%
2 - 0% - 40%
PK3 Defense
1 - 0% - 60%
2 - 0% - 40%
44 Forward
1 - 0% - 60%
2 - 0% - 40%
44 Defense
1 - 0% - 60%
2 - 0% - 40%
Last Minute Offensive - 0:00
Last Minute Defensive - 0:24
Total
Forward - 60:00
Defense - 60:00
|
Play by Play
1st period
0:01 of 1st period - Patrik Berglund wins face-off versus Gilbert Brule in neutral zone.
0:03 of 1st period - Off-side.
0:04 of 1st period - Patrik Berglund wins face-off versus Gilbert Brule in neutral zone.
0:11 of 1st period - Wrist shot by Patrik Berglund.
0:11 of 1st period - Shot Misses the Net.
0:19 of 1st period - Wrist shot by Niklas Hagman.
0:19 of 1st period - Stopped by Jean-Sébastien Aubin without a rebound.
0:20 of 1st period - Joël Perrault wins face-off versus Chris Mueller in High Goats zone.
0:26 of 1st period - Slapshot by John Erskine.
0:26 of 1st period - Deflect By Joël Perrault.
0:26 of 1st period - Shot Misses the Net.
0:26 of 1st period - Puck is out of play.
0:27 of 1st period - Chris Mueller wins face-off versus Joël Perrault in Icehogs zone.
0:27 of 1st period - Chris Mueller is hit by Jason Ryznar.
0:59 of 1st period - Snap shot by Nick Bonino.
0:59 of 1st period - Stopped by José Theodore without a rebound.
1:00 of 1st period - Petteri Wirtanen wins face-off versus Joakim Andersson in Icehogs zone.
1:01 of 1st period - Snap shot by David Laliberté.
1:01 of 1st period - Stopped by José Theodore without a rebound.
1:02 of 1st period - Petteri Wirtanen wins face-off versus Joakim Andersson in Icehogs zone.
1:05 of 1st period - Slapshot by David Laliberté.
1:05 of 1st period - Shot Blocked by Shane Sims.
1:07 of 1st period - Slapshot by Gord Baldwin.
1:07 of 1st period - Shot Blocked by Shane Sims.
1:09 of 1st period - Snap shot by Petteri Wirtanen.
1:09 of 1st period - Stopped by José Theodore without a rebound.
1:10 of 1st period - Petteri Wirtanen wins face-off versus Joakim Andersson in Icehogs zone.
1:55 of 1st period - Gord Baldwin is hit by Logan Stephenson and loses puck.
2:06 of 1st period - Snap shot by David Laliberté.
2:06 of 1st period - Stopped by José Theodore with a rebound.
2:08 of 1st period - Slapshot by Matt Taormina.
2:08 of 1st period - Stopped by José Theodore with a rebound.
2:10 of 1st period - Wrist shot by John McCarthy.
2:10 of 1st period - Shot Misses the Net.
2:50 of 1st period - Matt Taormina is hit by Shane Sims and loses puck.
3:15 of 1st period - Slapshot by Logan Stephenson.
3:15 of 1st period - Deflect By Dan Bertram.
3:15 of 1st period - Stopped by Jean-Sébastien Aubin without a rebound.
3:16 of 1st period - Patrik Berglund wins face-off versus Gilbert Brule in High Goats zone.
3:17 of 1st period - Snap shot by Niklas Hagman.
3:17 of 1st period - Shot Misses the Net.
4:31 of 1st period - John Erskine is hit by B.J. Crombeen and loses puck.
4:48 of 1st period - Snap shot by Joël Perrault.
4:48 of 1st period - Stopped by José Theodore without a rebound.
4:49 of 1st period - Tanner House wins face-off versus Joël Perrault in Icehogs zone.
5:37 of 1st period - B.J. Crombeen is hit by Frederic St-Denis and loses puck.
7:06 of 1st period - David Laliberté is hit by Travis Moen and loses puck.
7:21 of 1st period - Wrist shot by Dylan Hunter.
7:21 of 1st period - Stopped by Jean-Sébastien Aubin with a rebound.
7:27 of 1st period - Ryan Parent is hit by Joël Perrault and loses puck.
7:40 of 1st period - Anton Stralman is hit by B.J. Crombeen and loses puck.
8:28 of 1st period - Slapshot by Niklas Hagman.
8:28 of 1st period - Shot Misses the Net.
8:30 of 1st period - Slapshot by B.J. Crombeen.
8:30 of 1st period - Stopped by Jean-Sébastien Aubin without a rebound.
8:31 of 1st period - Brad Larsen wins face-off versus Patrik Berglund in High Goats zone.
9:02 of 1st period - Wrist shot by Dylan Hunter.
9:02 of 1st period - Deflect By Ryan Shannon.
9:02 of 1st period - Shot Misses the Net.
9:02 of 1st period - Puck is out of play.
9:03 of 1st period - Joël Perrault wins face-off versus Chris Mueller in High Goats zone.
9:10 of 1st period - Slapshot by Travis Moen.
9:10 of 1st period - Stopped by Jean-Sébastien Aubin with a rebound.
9:12 of 1st period - Wrist shot by Barry Tallackson.
9:12 of 1st period - Stopped by Jean-Sébastien Aubin with a rebound.
9:30 of 1st period - Niklas Hagman is hit by Brad Larsen and loses puck.
9:37 of 1st period - Slapshot by Niklas Hagman.
9:37 of 1st period - Stopped by Jean-Sébastien Aubin with a rebound.
9:49 of 1st period - Snap shot by Ryan Shannon.
9:49 of 1st period - Stopped by Jean-Sébastien Aubin without a rebound.
9:50 of 1st period - Nick Bonino wins face-off versus Tanner House in High Goats zone.
9:50 of 1st period - Nick Bonino is hit by Dylan Hunter.
10:15 of 1st period - Craig Weller is hit by Niklas Hagman and loses puck.
10:51 of 1st period - Wrist shot by Chris Stewart.
10:51 of 1st period - Shot Misses the Net.
11:24 of 1st period - Slapshot by Lukas Krajicek.
11:24 of 1st period - Shot Blocked by Milan Jurcina.
11:26 of 1st period - Wrist shot by Jiri Tlusty.
11:26 of 1st period - Stopped by José Theodore without a rebound.
11:27 of 1st period - Joakim Andersson wins face-off versus Nick Bonino in Icehogs zone.
11:35 of 1st period - Minor Penalty to Mark Popovic for Tripping.
11:36 of 1st period - Gilbert Brule wins face-off versus B.J. Crombeen in Icehogs zone.
13:35 of 1st period - Penalty to Mark Popovic is over, Mark Popovic is back on ice.
13:40 of 1st period - Ryan Parent is hit by Brendon Segal and loses puck.
13:53 of 1st period - Snap shot by Barry Tallackson.
13:53 of 1st period - Stopped by Jean-Sébastien Aubin without a rebound.
13:54 of 1st period - Nick Bonino wins face-off versus Chris Mueller in High Goats zone.
14:05 of 1st period - Slapshot by Nick Bonino.
14:05 of 1st period - Stopped by José Theodore with a rebound.
14:38 of 1st period - Snap shot by Brad Larsen.
14:38 of 1st period - Stopped by José Theodore with a rebound.
14:40 of 1st period - Wrist shot by Gilbert Brule.
14:40 of 1st period - Stopped by José Theodore with a rebound.
14:42 of 1st period - Slapshot by Sami Lepisto.
14:42 of 1st period - Shot Blocked by Shane Sims.
14:44 of 1st period - Snap shot by Brad Larsen.
14:44 of 1st period - Stopped by José Theodore with a rebound.
14:46 of 1st period - Slapshot by Brad Larsen.
14:46 of 1st period - Stopped by José Theodore with a rebound.
14:48 of 1st period - Wrist shot by Brad Larsen.
14:48 of 1st period - Goal by Brad Larsen - High Goats : 1 - Icehogs : 0.
14:49 of 1st period - Gilbert Brule wins face-off versus Patrik Berglund in neutral zone.
15:14 of 1st period - Mark Popovic is hit by Chris Stewart and loses puck.
16:12 of 1st period - Icing by Ryan Parent.
16:13 of 1st period - Patrik Berglund wins face-off versus Petteri Wirtanen in Icehogs zone.
16:18 of 1st period - Wrist shot by Travis Moen.
16:18 of 1st period - Deflect By Chris Mueller.
16:18 of 1st period - Deflect By Lukas Krajicek.
16:18 of 1st period - Shot Blocked by David Laliberté.
16:18 of 1st period - Puck is out of play.
16:19 of 1st period - Petteri Wirtanen wins face-off versus Chris Mueller in High Goats zone.
17:04 of 1st period - Snap shot by Ryan Shannon.
17:04 of 1st period - Shot Misses the Net.
17:10 of 1st period - Wrist shot by Joël Perrault.
17:10 of 1st period - Stopped by José Theodore without a rebound.
17:11 of 1st period - Gilbert Brule wins face-off versus Chris Mueller in Icehogs zone.
17:12 of 1st period - Wrist shot by Craig Weller.
17:12 of 1st period - Stopped by José Theodore without a rebound.
17:13 of 1st period - Gilbert Brule wins face-off versus Chris Mueller in Icehogs zone.
17:38 of 1st period - John Erskine is hit by Dylan Hunter and loses puck.
17:45 of 1st period - Snap shot by Ryan Shannon.
17:45 of 1st period - Shot Blocked by John Erskine.
17:47 of 1st period - Snap shot by Dylan Hunter.
17:47 of 1st period - Stopped by Jean-Sébastien Aubin without a rebound.
17:48 of 1st period - Patrik Berglund wins face-off versus Joël Perrault in High Goats zone.
18:15 of 1st period - Slapshot by Mark Popovic.
18:15 of 1st period - Stopped by Jean-Sébastien Aubin without a rebound.
18:16 of 1st period - Nick Bonino wins face-off versus Chris Mueller in High Goats zone.
18:27 of 1st period - Wrist shot by Travis Moen.
18:27 of 1st period - Stopped by Jean-Sébastien Aubin with a rebound.
18:29 of 1st period - Wrist shot by Travis Moen.
18:29 of 1st period - Shot Misses the Net.
18:31 of 1st period - Slapshot by Barry Tallackson.
18:31 of 1st period - Shot Misses the Net.
19:04 of 1st period - Backhand shot by Sami Lepisto.
19:04 of 1st period - Deflect By John McCarthy.
19:04 of 1st period - Shot Blocked by Mark Popovic.
19:04 of 1st period - Puck is out of play.
19:05 of 1st period - Niklas Hagman wins face-off versus Petteri Wirtanen in Icehogs zone.
19:10 of 1st period - Snap shot by B.J. Crombeen.
19:10 of 1st period - Shot Blocked by Lukas Krajicek.
19:16 of 1st period - Wrist shot by Lukas Krajicek.
19:16 of 1st period - Shot Blocked by Matt Hunwick.
19:40 of 1st period - Wrist shot by Barry Tallackson.
19:40 of 1st period - Stopped by Jean-Sébastien Aubin without a rebound.
19:41 of 1st period - Joël Perrault wins face-off versus Patrik Berglund in High Goats zone.
19:50 of 1st period - Wrist shot by Joël Perrault.
19:50 of 1st period - Shot Misses the Net.
2nd period
0:01 of 2nd period - Gilbert Brule wins face-off versus Patrik Berglund in neutral zone.
0:06 of 2nd period - Gilbert Brule is hit by B.J. Crombeen and loses puck.
1:20 of 2nd period - Slapshot by B.J. Crombeen.
1:20 of 2nd period - Goal by B.J. Crombeen - High Goats : 1 - Icehogs : 1.
1:21 of 2nd period - Patrik Berglund wins face-off versus Gilbert Brule in neutral zone.
1:52 of 2nd period - Backhand shot by Barry Tallackson.
1:52 of 2nd period - Deflect By Travis Moen.
1:52 of 2nd period - Stopped by Jean-Sébastien Aubin without a rebound.
1:53 of 2nd period - Gilbert Brule wins face-off versus Chris Mueller in High Goats zone.
1:58 of 2nd period - Logan Stephenson is hit by Craig Weller and loses puck.
2:30 of 2nd period - Snap shot by Travis Moen.
2:30 of 2nd period - Shot Blocked by Gord Baldwin.
2:44 of 2nd period - Chris Stewart is hit by Niklas Hagman and loses puck.
2:53 of 2nd period - Slapshot by Niklas Hagman.
2:53 of 2nd period - Shot Misses the Net.
3:04 of 2nd period - Icing by Craig Weller.
3:05 of 2nd period - Gilbert Brule wins face-off versus Tanner House in High Goats zone.
3:05 of 2nd period - Gilbert Brule is hit by Milan Jurcina.
3:40 of 2nd period - Wrist shot by B.J. Crombeen.
3:40 of 2nd period - Stopped by Jean-Sébastien Aubin with a rebound.
3:49 of 2nd period - Off-side.
3:50 of 2nd period - Joakim Andersson wins face-off versus Nick Bonino in neutral zone.
3:56 of 2nd period - Minor Penalty to Dane Byers for High sticking.
3:57 of 2nd period - Niklas Hagman wins face-off versus Gilbert Brule in Icehogs zone.
4:06 of 2nd period - Wrist shot by Sami Lepisto.
4:06 of 2nd period - Shot Misses the Net.
4:08 of 2nd period - Snap shot by Gilbert Brule.
4:08 of 2nd period - Stopped by José Theodore without a rebound.
4:09 of 2nd period - Niklas Hagman wins face-off versus Gilbert Brule in Icehogs zone.
5:17 of 2nd period - Snap shot by Patrik Berglund.
5:17 of 2nd period - Shot Misses the Net.
5:56 of 2nd period - Penalty to Dane Byers is over, Dane Byers is back on ice.
6:07 of 2nd period - Snap shot by Brendon Segal.
6:07 of 2nd period - Shot Misses the Net.
6:25 of 2nd period - Lukas Krajicek is hit by Barry Tallackson.
7:04 of 2nd period - Slapshot by Mark Popovic.
7:04 of 2nd period - Stopped by Jean-Sébastien Aubin with a rebound.
7:26 of 2nd period - Wrist shot by John McCarthy.
7:26 of 2nd period - Stopped by José Theodore with a rebound.
8:00 of 2nd period - Slapshot by Chris Stewart.
8:00 of 2nd period - Stopped by José Theodore with a rebound.
8:02 of 2nd period - Wrist shot by Chris Stewart.
8:02 of 2nd period - Stopped by José Theodore with a rebound.
8:04 of 2nd period - Wrist shot by Joël Perrault.
8:04 of 2nd period - Shot Blocked by Milan Jurcina.
8:14 of 2nd period - Snap shot by Barry Tallackson.
8:14 of 2nd period - Stopped by Jean-Sébastien Aubin with a rebound.
9:00 of 2nd period - Snap shot by Chris Stewart.
9:00 of 2nd period - Shot Misses the Net.
9:27 of 2nd period - Icing by David Laliberté.
9:28 of 2nd period - Petteri Wirtanen wins face-off versus Joakim Andersson in High Goats zone.
9:52 of 2nd period - Dane Byers is hit by Lukas Krajicek and loses puck.
11:03 of 2nd period - Slapshot by B.J. Crombeen.
11:03 of 2nd period - Stopped by Jean-Sébastien Aubin without a rebound.
11:04 of 2nd period - Chris Mueller wins face-off versus Joël Perrault in High Goats zone.
11:05 of 2nd period - Slapshot by Barry Tallackson.
11:05 of 2nd period - Shot Misses the Net.
11:11 of 2nd period - Snap shot by Mark Popovic.
11:11 of 2nd period - Stopped by Jean-Sébastien Aubin with a rebound.
11:13 of 2nd period - Wrist shot by Travis Moen.
11:13 of 2nd period - Stopped by Jean-Sébastien Aubin without a rebound.
11:14 of 2nd period - Joël Perrault wins face-off versus Chris Mueller in High Goats zone.
11:53 of 2nd period - Slapshot by Travis Moen.
11:53 of 2nd period - Deflect By Chris Mueller.
11:53 of 2nd period - Shot Hit the Post.
11:53 of 2nd period - Puck is out of play.
11:54 of 2nd period - Gilbert Brule wins face-off versus Niklas Hagman in High Goats zone.
12:06 of 2nd period - Wrist shot by Gilbert Brule.
12:06 of 2nd period - Shot Blocked by Milan Jurcina.
12:17 of 2nd period - Minor Penalty to Milan Jurcina for Holding.
12:18 of 2nd period - Gilbert Brule wins face-off versus Niklas Hagman in Icehogs zone.
13:06 of 2nd period - John Erskine is hit by Barry Tallackson and loses puck.
14:17 of 2nd period - Penalty to Milan Jurcina is over, Milan Jurcina is back on ice.
14:22 of 2nd period - Logan Stephenson is hit by Lukas Krajicek and loses puck.
15:19 of 2nd period - Slapshot by Ryan Parent.
15:19 of 2nd period - Shot Blocked by Chris Stewart.
15:55 of 2nd period - Icing by Joël Perrault.
15:56 of 2nd period - Patrik Berglund wins face-off versus Joël Perrault in High Goats zone.
16:03 of 2nd period - Wrist shot by Niklas Hagman.
16:03 of 2nd period - Stopped by Jean-Sébastien Aubin with a rebound.
16:05 of 2nd period - Slapshot by Milan Jurcina.
16:05 of 2nd period - Shot Blocked by Lukas Krajicek.
16:07 of 2nd period - Slapshot by Milan Jurcina.
16:07 of 2nd period - Shot Blocked by Chris Stewart.
16:19 of 2nd period - Tanner House is hit by Brad Larsen and loses puck.
16:26 of 2nd period - Wrist shot by Brad Larsen.
16:26 of 2nd period - Stopped by José Theodore with a rebound.
16:28 of 2nd period - Wrist shot by Gilbert Brule.
16:28 of 2nd period - Deflect By Craig Weller.
16:28 of 2nd period - Shot Misses the Net.
16:28 of 2nd period - Puck is out of play.
16:29 of 2nd period - Patrik Berglund wins face-off versus Gilbert Brule in Icehogs zone.
16:40 of 2nd period - Snap shot by Niklas Hagman.
16:40 of 2nd period - Shot Misses the Net.
16:42 of 2nd period - Snap shot by Patrik Berglund.
16:42 of 2nd period - Stopped by Jean-Sébastien Aubin with a rebound.
16:44 of 2nd period - Snap shot by Patrik Berglund.
16:44 of 2nd period - Shot Misses the Net.
16:56 of 2nd period - Wrist shot by Jason Ryznar.
16:56 of 2nd period - Stopped by José Theodore without a rebound.
16:57 of 2nd period - Joël Perrault wins face-off versus Chris Mueller in Icehogs zone.
16:58 of 2nd period - Wrist shot by Sami Lepisto.
16:58 of 2nd period - Stopped by José Theodore without a rebound.
16:59 of 2nd period - Joël Perrault wins face-off versus Patrik Berglund in Icehogs zone.
17:00 of 2nd period - Wrist shot by Chris Stewart.
17:00 of 2nd period - Shot Misses the Net.
17:02 of 2nd period - Snap shot by Chris Stewart.
17:02 of 2nd period - Stopped by José Theodore with a rebound.
17:04 of 2nd period - Backhand shot by Lukas Krajicek.
17:04 of 2nd period - Deflect By Joël Perrault.
17:04 of 2nd period - Shot Blocked by Shane Sims.
17:04 of 2nd period - Puck is out of play.
17:05 of 2nd period - Patrik Berglund wins face-off versus Gilbert Brule in Icehogs zone.
17:14 of 2nd period - Snap shot by Niklas Hagman.
17:14 of 2nd period - Shot Misses the Net.
17:32 of 2nd period - Slapshot by Travis Moen.
17:32 of 2nd period - Stopped by Jean-Sébastien Aubin without a rebound.
17:33 of 2nd period - Joël Perrault wins face-off versus Chris Mueller in High Goats zone.
17:33 of 2nd period - Joël Perrault is hit by Chris Mueller.
17:39 of 2nd period - Backhand shot by Jason Ryznar.
17:39 of 2nd period - Shot Misses the Net.
17:50 of 2nd period - Off-side.
17:51 of 2nd period - Patrik Berglund wins face-off versus Gilbert Brule in neutral zone.
17:54 of 2nd period - Lukas Krajicek is hit by Patrik Berglund and loses puck.
18:05 of 2nd period - Ryan Parent is hit by Gilbert Brule and loses puck.
18:31 of 2nd period - Minor Penalty to Travis Moen for Holding Stick.
18:32 of 2nd period - Gilbert Brule wins face-off versus Niklas Hagman in Icehogs zone.
19:55 of 2nd period - Jason Ryznar is hit by Dylan Hunter and loses puck.
19:59 of 2nd period - Icing by Sami Lepisto.
3rd period
0:01 of 3rd period - Niklas Hagman wins face-off versus Gilbert Brule in neutral zone.
0:05 of 3rd period - Off-side.
0:06 of 3rd period - Gilbert Brule wins face-off versus Niklas Hagman in neutral zone.
0:09 of 3rd period - Snap shot by Craig Weller.
0:09 of 3rd period - Stopped by José Theodore with a rebound.
0:19 of 3rd period - Slapshot by Lukas Krajicek.
0:19 of 3rd period - Stopped by José Theodore with a rebound.
0:21 of 3rd period - Snap shot by Brad Larsen.
0:21 of 3rd period - Shot Misses the Net.
0:31 of 3rd period - Penalty to Travis Moen is over, Travis Moen is back on ice.
0:59 of 3rd period - John Erskine is hit by Barry Tallackson and loses puck.
1:10 of 3rd period - Snap shot by Patrik Berglund.
1:10 of 3rd period - Stopped by Jean-Sébastien Aubin with a rebound.
1:17 of 3rd period - Icing by Anton Stralman.
1:18 of 3rd period - Petteri Wirtanen wins face-off versus Tanner House in High Goats zone.
1:42 of 3rd period - John Erskine is hit by Matt Hunwick and loses puck.
2:28 of 3rd period - Anton Stralman is hit by Tanner House and loses puck.
2:40 of 3rd period - Icing by Dane Byers.
2:41 of 3rd period - Joël Perrault wins face-off versus Joakim Andersson in Icehogs zone.
2:50 of 3rd period - Slapshot by Sami Lepisto.
2:50 of 3rd period - Stopped by José Theodore with a rebound.
2:52 of 3rd period - Backhand shot by Lukas Krajicek.
2:52 of 3rd period - Stopped by José Theodore without a rebound.
2:53 of 3rd period - Craig Weller wins face-off versus Chris Mueller in Icehogs zone.
3:18 of 3rd period - Chris Stewart is hit by Niklas Hagman and loses puck.
4:01 of 3rd period - Snap shot by Sami Lepisto.
4:01 of 3rd period - Stopped by José Theodore without a rebound.
4:02 of 3rd period - Joakim Andersson wins face-off versus Gilbert Brule in Icehogs zone.
4:02 of 3rd period - Joakim Andersson is hit by Anton Stralman.
4:05 of 3rd period - Dane Byers is hit by John Erskine and loses puck.
4:26 of 3rd period - Joakim Andersson is hit by Gilbert Brule and loses puck.
5:03 of 3rd period - Snap shot by Gilbert Brule.
5:03 of 3rd period - Shot Misses the Net.
5:18 of 3rd period - Snap shot by Brad Larsen.
5:18 of 3rd period - Stopped by José Theodore with a rebound.
5:20 of 3rd period - Slapshot by Brad Larsen.
5:20 of 3rd period - Stopped by José Theodore with a rebound.
5:28 of 3rd period - Wrist shot by Craig Weller.
5:28 of 3rd period - Stopped by José Theodore with a rebound.
5:30 of 3rd period - Slapshot by Gord Baldwin.
5:30 of 3rd period - Shot Misses the Net.
5:32 of 3rd period - Snap shot by Brad Larsen.
5:32 of 3rd period - Stopped by José Theodore with a rebound.
5:38 of 3rd period - Wrist shot by Craig Weller.
5:38 of 3rd period - Shot Misses the Net.
5:54 of 3rd period - Snap shot by Craig Weller.
5:54 of 3rd period - Shot Blocked by Dane Byers.
5:56 of 3rd period - Slapshot by Lukas Krajicek.
5:56 of 3rd period - Shot Blocked by Logan Stephenson.
5:58 of 3rd period - Wrist shot by Brad Larsen.
5:58 of 3rd period - Stopped by José Theodore with a rebound.
6:00 of 3rd period - Snap shot by Craig Weller.
6:00 of 3rd period - Stopped by José Theodore with a rebound.
6:02 of 3rd period - Slapshot by Sami Lepisto.
6:02 of 3rd period - Stopped by José Theodore with a rebound.
6:06 of 3rd period - Wrist shot by Gilbert Brule.
6:06 of 3rd period - Shot Blocked by Shane Sims.
6:08 of 3rd period - Snap shot by Brad Larsen.
6:08 of 3rd period - Shot Misses the Net.
6:20 of 3rd period - Logan Stephenson is hit by Craig Weller and loses puck.
6:31 of 3rd period - Slapshot by Gilbert Brule.
6:31 of 3rd period - Stopped by José Theodore with a rebound.
6:33 of 3rd period - Wrist shot by Craig Weller.
6:33 of 3rd period - Stopped by José Theodore with a rebound.
6:35 of 3rd period - Snap shot by Brad Larsen.
6:35 of 3rd period - Stopped by José Theodore without a rebound.
6:36 of 3rd period - Patrik Berglund wins face-off versus Joël Perrault in Icehogs zone.
7:32 of 3rd period - Icing by Ryan Shannon.
7:33 of 3rd period - Tanner House wins face-off versus Joël Perrault in Icehogs zone.
7:58 of 3rd period - Milan Jurcina is hit by Lukas Krajicek and loses puck.
8:15 of 3rd period - Wrist shot by David Laliberté.
8:15 of 3rd period - Shot Misses the Net.
8:17 of 3rd period - Slapshot by Petteri Wirtanen.
8:17 of 3rd period - Stopped by José Theodore without a rebound.
8:18 of 3rd period - Patrik Berglund wins face-off versus Petteri Wirtanen in Icehogs zone.
9:21 of 3rd period - Anton Stralman is hit by Milan Jurcina and loses puck.
9:30 of 3rd period - Wrist shot by Anton Stralman.
9:30 of 3rd period - Shot Blocked by Logan Stephenson.
9:32 of 3rd period - Slapshot by Petteri Wirtanen.
9:32 of 3rd period - Stopped by José Theodore with a rebound.
11:19 of 3rd period - Ryan Parent is hit by Craig Weller and loses puck.
13:07 of 3rd period - David Laliberté is hit by Joakim Andersson and loses puck.
14:20 of 3rd period - Anton Stralman is hit by B.J. Crombeen and loses puck.
14:31 of 3rd period - Logan Stephenson is hit by Jason Ryznar and loses puck.
14:41 of 3rd period - Off-side.
14:42 of 3rd period - Joakim Andersson wins face-off versus Gilbert Brule in neutral zone.
14:53 of 3rd period - Wrist shot by Dane Byers.
14:53 of 3rd period - Shot Misses the Net.
15:25 of 3rd period - Wrist shot by Dane Byers.
15:25 of 3rd period - Stopped by Jean-Sébastien Aubin without a rebound.
15:26 of 3rd period - Patrik Berglund wins face-off versus Nick Bonino in High Goats zone.
15:51 of 3rd period - Chris Stewart is hit by Dylan Hunter and loses puck.
16:18 of 3rd period - Backhand shot by Travis Moen.
16:18 of 3rd period - Stopped by Jean-Sébastien Aubin with a rebound.
16:32 of 3rd period - John McCarthy is hit by Patrik Berglund and loses puck.
16:54 of 3rd period - Barry Tallackson is hit by Brendon Segal and loses puck.
17:14 of 3rd period - Sami Lepisto is hit by Niklas Hagman and loses puck.
18:00 of 3rd period - Milan Jurcina is hit by Chris Stewart and loses puck.
18:07 of 3rd period - Joël Perrault is hit by Milan Jurcina and loses puck.
18:22 of 3rd period - Snap shot by Ryan Shannon.
18:22 of 3rd period - Stopped by Jean-Sébastien Aubin without a rebound.
18:23 of 3rd period - Dane Byers wins face-off versus Nick Bonino in High Goats zone.
18:24 of 3rd period - Snap shot by Ryan Shannon.
18:24 of 3rd period - Deflect By Dylan Hunter.
18:24 of 3rd period - Shot Misses the Net.
18:24 of 3rd period - Puck is out of play.
18:25 of 3rd period - Ryan Shannon wins face-off versus Nick Bonino in High Goats zone.
18:25 of 3rd period - Ryan Shannon is hit by Jiri Tlusty.
18:32 of 3rd period - Minor Penalty to Nick Bonino for Cross-checking.
18:33 of 3rd period - Patrik Berglund wins face-off versus Gilbert Brule in High Goats zone.
18:44 of 3rd period - Slapshot by Niklas Hagman.
18:44 of 3rd period - Shot Misses the Net.
18:46 of 3rd period - Snap shot by Niklas Hagman.
18:46 of 3rd period - Goal by Niklas Hagman - High Goats : 1 - Icehogs : 2.
18:47 of 3rd period - Gilbert Brule wins face-off versus Patrik Berglund in neutral zone.
19:00 of 3rd period - Wrist shot by Niklas Hagman.
19:00 of 3rd period - Shot Misses the Net.
19:08 of 3rd period - Wrist shot by B.J. Crombeen.
19:08 of 3rd period - Stopped by Jean-Sébastien Aubin with a rebound.
19:10 of 3rd period - Snap shot by Ryan Parent.
19:10 of 3rd period - Goal by Ryan Parent - High Goats : 1 - Icehogs : 3.
19:11 of 3rd period - Tanner House wins face-off versus Nick Bonino in neutral zone.
19:21 of 3rd period - Sami Lepisto is hit by Ryan Parent and loses puck.
19:26 of 3rd period - Slapshot by Sami Lepisto.
19:26 of 3rd period - Shot Misses the Net.
Output by the SimonT Hockey Simulator (STHS) for François Prévost -- Original Page W3C XHTML 1.0 Valid